 Dungeon Sprint DCSS version 0.17-a0-2073-gde5cdba (webtiles) character file.

127 Kidiri the Shield-Bearer (level 5, -3/34 HPs)
             Began as a Gargoyle Fighter on Oct 14, 2015.
             Was an Initiate of Okawaru.
             Slain by a hill giant
             ... wielding a +0 giant club
              (20 damage)
             ... in the Dungeon (Sprint IX: "|||||||||||||||||||||||||||||").
             The game lasted 00:01:30 (302 turns).

Kidiri the Shield-Bearer (Gargoyle Fighter)          Turns: 302, Time: 00:01:30

Health: -3/34      AC: 19    Str: 24    XL:     5   Next: 11%
Magic:  5/5        EV:  6    Int: 11    God:    Okawaru [......]
Gold:   0          SH: 10    Dex:  9    Spells: 0 memorised, 4 levels left

rFire  . . .     SeeInvis .     a - +2 morningstar (crush)
rCold  . . .     Clarity  .     s - +0 plate armour
rNeg   + . .     SustAt   .     c - +0 shield
rPois  ∞         Gourm    .     (no helmet)
rElec  +         Spirit   .     r - +0 cloak
rCorr  .         Warding  .     q - +0 pair of gloves
rMut   .         NoTele   +     (no boots)
MR     .....                    (no amulet)
Stlth  ..........               t - +3 ring of intelligence
                                b - +3 ring of strength

@: not resistant to hostile enchantments, extremely unstealthy
A: negative energy resistance 1, electricity resistance, unbreathing,
petrification resistance, rot immunity, AC +4
a: Renounce Religion


You were in the Dungeon.
You worshipped Okawaru.
Okawaru was noncommittal.
You were not hungry.

You visited 1 branch

Inventory:

Hand Weapons
 a - a +2 morningstar of crushing (weapon)
Armour
 c - a +0 shield (worn)
 q - a +0 pair of gloves (worn)
 r - a +0 cloak (worn)
 s - a +0 plate armour (worn)
Jewellery
 b - a +3 ring of strength (left hand)
 t - a +3 ring of intelligence (right hand)
Wands
 p - a wand of cold (7)
Scrolls
 k - 2 scrolls of blinking
 n - 3 scrolls of remove curse
 o - 2 scrolls of amnesia
Potions
 d - a potion of might
 f - a potion of invisibility
 g - 2 potions of heal wounds
 h - a potion of haste
 i - 4 potions of magic
 j - a potion of berserk rage
 m - 4 potions of curing
Comestibles
 e - a bread ration
 l - 2 chunks of flesh


   Skills:
 + Level 4.9 Fighting
 * Level 4.8 Maces & Flails
 * Level 5.7 Armour
 * Level 3.6 Dodging
 * Level 6.0 Shields
 + Level 0.0 Invocations


You had 4 spell levels left.
You didn't know any spells.

Dungeon Overview and Level Annotations

Branches:
Dungeon (1/1)

Altars:
Cheibriados
Dithmenos
Elyvilon
Fedhas
Gozag
Kikubaaqudgha
Makhleb
Nemelex Xobeh
Okawaru
Qazlal
Ru
Sif Muna
Trog
Vehumet
Xom
Yredelemnul
Zin
The Shining One
Beogh
Jiyva
Lugonu


Innate Abilities, Weirdness & Mutations

You are resistant to torment.
Your stone body is resilient (AC +4).
You are immune to poison.
You resist negative energy.
You are resistant to electric shocks.
You can survive without breathing.
You are immune to petrification.
You are immune to rotting.


Message History

The crimson imp blinks!
You block the ice beast's attack.
You barely miss the ice beast.
The ice beast is moderately wounded.
The crimson imp blinks!
The ice beast hits you but does no damage.
You hit the hill giant but do no damage.
The crimson imp blinks!
The hill giant hits you with a giant club!
Ouch! That really hurt!
You sock the hill giant!
The hill giant is lightly wounded.
You block the crimson imp's attack.
The hill giant hits you but does no damage.
Unknown command.
You hit the hill giant but do no damage.
The hill giant is lightly wounded.
The crimson imp blinks!
The hill giant hits you with a giant club!!
Ouch! That really hurt!
You die...

▓'▓
▓.▓
▓.▓
▓|▓
▓)▓
▓.▓
▓.▓
▓5▓
▓@▓
▓C▓
▓Y▓
▓5▓
▓.▓
▓.▓
▓.▓
▓.▓
▓.▓


You could see a hill giant, an ice beast, a quasit and a crimson imp.

Vanquished Creatures
  A centaur (D)
  A worker ant (D)
  An adder (D)
  A giant gecko (D)
  A bat zombie (D)
  2 hobgoblins (D)
  A kobold (D)
  A ball python (D)
  A bat (D)
  A rat (D)
11 creatures vanquished.

Vanquished Creatures (others)
  A spatial maelstrom (D)
1 creature vanquished.

Grand Total: 12 creatures vanquished

Notes
Turn   | Place    | Note
--------------------------------------------------------------
     0 | D        | Kidiri the Gargoyle Fighter began the quest for the Orb.
     0 | D        | Reached XP level 1. HP: 14/14 MP: 1/1
     2 | D        | Banished a spatial maelstrom
    12 | D        | Reached skill level 1 in Dodging
    46 | D        | Noticed a worker ant
    46 | D        | Noticed a centaur
    67 | D        | Reached skill level 4 in Armour
    67 | D        | Reached XP level 2. HP: 13/20 MP: 2/2
    89 | D        | Killed a worker ant
    89 | D        | Reached XP level 3. HP: 13/24 MP: 3/3
    95 | D        | Killed a centaur
    95 | D        | Reached skill level 5 in Armour
    95 | D        | Reached skill level 6 in Shields
    95 | D        | Reached XP level 4. HP: 13/30 MP: 4/4
    95 | D        | Reached XP level 5. HP: 14/34 MP: 5/5
   115 | D        | Found a glowing silver altar of Zin.
   115 | D        | Found a glowing golden altar of the Shining One.
   115 | D        | Found an ancient bone altar of Kikubaaqudgha.
   115 | D        | Found a basalt altar of Yredelemnul.
   115 | D        | Found a shimmering altar of Xom.
   115 | D        | Found a radiant altar of Vehumet.
   116 | D        | Found an iron altar of Okawaru.
   117 | D        | Found a burning altar of Makhleb.
   118 | D        | Found a deep blue altar of Sif Muna.
   119 | D        | Found a bloodstained altar of Trog.
   120 | D        | Found a sparkling altar of Nemelex Xobeh.
   121 | D        | Found a white marble altar of Elyvilon.
   122 | D        | Found a roughly hewn altar of Beogh.
   123 | D        | Found a viscous altar of Jiyva.
   124 | D        | Became a worshipper of Warmaster Okawaru
   125 | D        | Found a corrupted altar of Lugonu.
   126 | D        | Found a blossoming altar of Fedhas.
   127 | D        | Found a snail-covered altar of Cheibriados.
   128 | D        | Found a shadowy altar of Dithmenos.
   129 | D        | Found a stormy altar of Qazlal.
   130 | D        | Found an opulent altar of Gozag.
   131 | D        | Found a sacrificial altar of Ru.
   291 | D        | Noticed an ice beast
   291 | D        | Noticed a crimson imp
   291 | D        | Noticed a quasit
   291 | D        | Noticed a sky beast
   291 | D        | Noticed a hill giant
   302 | D        | Slain by a hill giant

Vault maps used:
D:        linesprint

Action                   |  1- 3 |  4- 6 || total
-------------------------+-------+-------++-------
Melee: Flail             |    55 |     4 ||    59
       Morningstar       |       |    10 ||    10
  Use: Potion            |     2 |       ||     2
